 Dungeon Crawl Stone Soup version 0.23-a0-837-ga3e6480 (webtiles) character file.

121 CanOfBees the Chucker (level 5, -1/54 HPs)
             Began as an Ogre Hunter on Jan 24, 2019.
             Slain by a gnoll
             ... wielding a +0 spear
              (4 damage)
             ... on level 4 of the Dungeon.
             The game lasted 00:02:36 (2049 turns).

CanOfBees the Chucker (Ogre Hunter)                 Turns: 2049, Time: 00:02:37

Health: -1/54      AC:  3    Str: 17    XL:     5   Next: 5%
Magic:  5/5        EV: 10    Int: 12    God:
Gold:   38         SH:  0    Dex:  9    Spells: 4/4 levels left

rFire    . . .     SeeInvis .   l - +0 dagger (venom)
rCold    . . .     Gourm    .   (no shield)
rNeg     . . .     Faith    .   b - +0 robe
rPois    .         Spirit   .   (helmet restricted)
rElec    .         Reflect  .   (no cloak)
rCorr    .         Harm     .   (gloves unavailable)
MR       .....                  (boots unavailable)
Stlth    +.........             (no amulet)
HPRegen  0.18/turn              (no ring)
MPRegen  0.09/turn              (no ring)

@: no status effects
A: large, unfitting armour, tough skin 1
a: no special abilities


You were on level 4 of the Dungeon.
You were not hungry.

You visited 1 branch of the dungeon, and saw 3 of its levels.

You collected 38 gold pieces.

Inventory:

Hand Weapons
 a - a +0 short sword
 h - a +0 hunting sling
 l - a +0 dagger of venom (weapon)
Missiles
 c - 3 large rocks (quivered)
 e - 10 poisoned needles
 g - 45 arrows
 k - 3 stones
Armour
 b - a +0 robe (worn)
Scrolls
 i - a scroll of enchant armour {unknown}
 j - a scroll of teleportation {unknown}
 n - a scroll of immolation {unknown}
 o - 3 scrolls of amnesia {unknown}
Comestibles
 f - 2 rations
 m - 4 chunks of flesh


   Skills:
 + Level 4.0 Fighting
 * Level 5.2 Throwing
 + Level 2.7 Dodging
 - Level 0.6 Stealth


You had 4 spell levels left.
You didn't know any spells.
Your spell library was empty.

Dungeon Overview and Level Annotations

Branches:
Dungeon (2/15)

Altars:


Innate Abilities, Weirdness & Mutations

You are too large for most types of armour.
You have tough skin. (AC +1)


Message History

The gnoll struggles against the net.
The net rips apart, and the gnoll comes free!
The gnoll misses you.
Throwing (i - inventory. (/) - cycle)
c - 4 large rocks (quivered)
Press: ? - help, Shift-Dir - straight line, f/p - gnoll
Aim: a gnoll, wielding a +0 halberd (fast)
You throw a large rock. The large rock hits the gnoll!!
You kill the gnoll!
You have reached level 5!
The gnoll hits you from afar with a +0 spear!
* * * LOW HITPOINT WARNING * * *
Quiver which item? (- for none, * to show all) (? for menu, Esc to quit)
Quivering
d - a throwing net for throwing.
Throwing (i - inventory. (/) - cycle)
d - a throwing net (quivered)
Press: ? - help, Shift-Dir - straight line, f - gnoll
Aim: a gnoll, wielding a +0 spear You throw a throwing net.
The throwing net barely misses the gnoll.
The gnoll hits you from afar with a +0 spear.
You die...

#. #)..# ### ##.
#...##...
#..#####g..#..# ..
#....).......#
#####.....g.....#####
................#...#
......#g####.......#
..#...#)# #.....###
.... #@####....##
#####...##.......###
....####.#.......##
##### #.#....#...# ..
#....#.#####
#....#..## #
###.....>..####..
............F...F.
.#.#...########....


You could see a gnoll.

Vanquished Creatures
  A gnoll shaman (D:4)
  A worker ant (D:4)
  3 gnolls (D:4)
  An adder (D:2)
  An ooze (D:1)
  A dart slug (D:1)
  2 leopard geckos
  2 bats (D:1)
  2 giant cockroaches
  2 goblins
  A hobgoblin (D:1)
  4 frilled lizards (D:1)
  2 kobolds (D:1)
  3 rats
26 creatures vanquished.

Notes
Turn   | Place    | Note
-------+----------+-------------------------------------------
     0 | D:1      | CanOfBees the Ogre Hunter began the quest for the Orb.
     0 | D:1      | Reached XP level 1. HP: 22/22 MP: 1/1
   311 | D:1      | Reached XP level 2. HP: 12/31 MP: 2/2
  1257 | D:2      | Reached XP level 3. HP: 18/37 MP: 3/3
  1658 | D:2      | You fall through a shaft for 2 floors!
  1688 | D:4      | Reached XP level 4. HP: 19/46 MP: 4/4
  1799 | D:4      | Noticed a bullfrog
  2043 | D:4      | Reached skill level 5 in Throwing
  2048 | D:4      | Reached XP level 5. HP: 11/54 MP: 5/5
  2049 | D:4      | Slain by a gnoll

Vault maps used:
D:1:      psy_arrival_conway, chequers_serial_rivers_micro_b
D:4:      gammafunk_temple_overflow_claw, minmay_temple_entry_wispy,
          serial_co_window_serial, co_window_of_opportunity_a,
          co_window_paths_a, co_window_cross_1, co_window_paths_a,
          co_window_paths_a, co_window_corner_a, co_window_corner_b,
          co_window_cross_4, co_window_of_opportunity_c, co_window_2corner,
          glass_columns_b, glass_columns_b, glass_columns_a,
          gup_sewer_entry_bowl, first_ration, uniq_duvessa

Skill      XL: |  1  2  3  4 |
---------------+-------------+-----
Fighting       | 3 4 |  4.0
Dodging        | 2 |  2.7
Throwing       | 5 |  5.2
Stealth        | |  0.6

Action                   |  1- 3 |  4- 6 || total
-------------------------+-------+-------++-------
Melee: Short sword       |    65 |       ||    65
       Dagger            |    27 |    15 ||    42
Throw: Large rock        |     1 |     2 ||     3
       Throwing net      |       |     2 ||     2
       Stone             |       |     1 ||     1
  Eat: Ration            |     1 |       ||     1
Armor: Robe              |    28 |     2 ||    30
Dodge: Dodged            |    52 |     8 ||    60

Table legend:
 A = Non-vault XP
 B = Vault XP
 C = Vault XP percentage of total XP
 D = Non-vault monster count
 E = Vault monster count
 F = Vault count percentage of total count
                 A         B        C        D         E       F
            +---------+---------+-------+---------+---------+-------
      Total |     174 |       0 |   0.0 |      26 |       0 |   0.0
            +---------+---------+-------+---------+---------+-------
        D:1 |      30 |       0 |   0.0 |      15 |       0 |   0.0
        D:2 |      21 |       0 |   0.0 |       5 |       0 |   0.0
        D:4 |     123 |       0 |   0.0 |       6 |       0 |   0.0
            +---------+---------+-------+---------+---------+-------
